[Event "*** Titled Tuesday Blitz"]
[Site "Chess.com"]
[Date "2020.05.19"]
[Round "7"]
[White "Chessialist"]
[Black "maciek_92"]
[Result "0-1"]
[WhiteElo "2557"]
[BlackElo "2733"]
[TimeControl "180+1"]
[EndTime "13:21:01 PDT"]
[Termination "maciek_92 won by resignation"]

1. e4 c5 2. Nf3 e6 3. b3 Nc6 4. Bb5 Qb6 5. Nc3 Nd4 6. Bd3 Ne7 7. Nxd4 cxd4 8. Ne2 Nc6 9. O-O Ne5 10. Bb2 Bc5 11. f4 Nxd3 12. cxd3 d6 13. Rc1 e5 14. Ng3 g6 15.
Qf3 O-O 16. f5 f6 17. h4 Bd7 18. fxg6 hxg6 19. h5 g5 20. Nf5 Kh7 21. Ne7 Be6 22. Nd5 Bxd5 23. Qf5+ Kh8 24. exd5 Qd8 25. g4 a5 26. a4 Qe7 27. Kg2 Qf7 28. Qe4 Qh7 29. Rf5 Kg7 30. Rcf1 Qh6 31. Qe2 b5 32. axb5 Rab8 33.
Ra1 Rxb5 34. Ba3 Bxa3 35. Rxa3 Rc8 36. b4 axb4 37. Ra7+ Kh8 38. Rf7 Rf8 39. Rd7 b3 40.
Qd1 b2 41. Qb1 Rc8 42. Rxd6 Rc1 43. Qa2 b1=Q 44. Rd8+ Kh7 45. Qa7+ Rb7 46. Rd7+ Rxd7 47.
Qxd7+ Qg7 0-1

[Event "*** Titled Tuesday Blitz"]
[Site "Chess.com"]
[Date "2020.05.19"]
[Round "7"]
[White "Mizner"]
[Black "djamir"]
[Result "0-1"]
[WhiteElo "2548"]
[BlackElo "2720"]
[TimeControl "180+1"]
[EndTime "13:21:01 PDT"]
[Termination "djamir won on time"]

1. d4 Nf6 2. c4 e6 3. Nc3 Bb4 4. Qc2 O-O 5. Nf3 Bxc3+ 6. Qxc3 b6 7. e3 Bb7 8. Be2 d6 9. O-O Nbd7 10. b4 Qe7 11.
Bb2 c5 12. a3 Rfd8 13. Rac1 Rac8 14. Qb3 Nf8 15. Rfd1 Ng6 16. a4 cxb4 17. Qxb4 Ba8 18.
Ba3 Qb7 19. a5 Ne4 20. Rb1 Rb8 21. axb6 axb6 22. Rb3 Qe7 23. Rdb1 Ng5 24. Ne1 Nh4 25. Qa4 Be4 26. R1b2 b5 27. cxb5 Ra8 28. Qb4 Bd5 29.
Rc3 Qf6 30. f3 e5 31. Rd2 e4 32. f4 Nh3+ 33. gxh3 Qg6+ 34. Kf1 Nf3 35. Bxf3 exf3 36.
b6 Rab8 37. Rf2 Be4 38. Nxf3 Qh5 39. Ke2 h6 40. Bb2 Qxh3 41. Ra3 Qh5 42. Ra5 d5 43.
Ra1 Rdc8 0-1

[Event "*** Titled Tuesday Blitz"]
[Site "Chess.com"]
[Date "2020.05.19"]
[Round "7"]
[White "jerry_77"]
[Black "Abund"]
[Result "0-1"]
[WhiteElo "2472"]
[BlackElo "2611"]
[TimeControl "180+1"]
[EndTime "13:21:01 PDT"]
[Termination "Abund won by resignation"]

1. e4 c5 2. Nf3 Nc6 3. d4 cxd4 4. Nxd4 Nf6 5. Nc3 e5 6. Ndb5 d6 7. Bg5 a6 8. Na3 b5 9. Bxf6 gxf6 10. Nd5 f5 11. g3 fxe4 12. Bg2 Be6 13. Bxe4 Rc8 14.
c3 Bg7 15. Qh5 Ne7 16. Nxe7 Qxe7 17. O-O d5 18. Bd3 e4 19. Be2 b4 20. Nc2 bxc3 21. bxc3 Rxc3 22. Ne3 O-O 23. Nxd5 Bxd5 24. Qxd5 Rc5 25.
Qb3 Bxa1 26. Rxa1 Rd8 27. Bxa6 Qf6 28. Rd1 Rxd1+ 29. Qxd1 Kg7 30. Qd2 Rf5 31. Bf1 Qe5 32. Bh3 Rf6 33. a4 h6 34. Bg2 Rd6 35. Qe2 Rd4 36.
Qg4+ Qg5 37. Qxg5+ hxg5 38. g4 Rxa4 39. h3 Kf6 40.
Kh2 Ke5 41. Kg3 Ra3+ 42. Kh2 Kf4 43. Bf1 Ra1 44. Be2 Ra2 45. Bc4 Rxf2+ 46. Kg1 Kg3 47. Bd5 e3 48. Bc4 e2 49. Bxe2 Rxe2 50. Kf1 Ra2 51.
h4 Kxh4 0-1

[Event "*** Titled Tuesday Blitz"]
[Site "Chess.com"]
[Date "2020.05.19"]
[Round "7"]
[White "andriipalchuk"]
[Black "Noam_Vitenberg"]
[Result "1-0"]
[WhiteElo "2006"]
[BlackElo "2399"]
[TimeControl "180+1"]
[EndTime "13:21:01 PDT"]
[Termination "andriipalchuk won by checkmate"]

1. d4 g6 2. Nf3 Bg7 3. e4 c6 4. Be2 d5 5. e5 f6 6. exf6 Nxf6 7. c4 O-O 8. O-O Bf5 9. Nc3 Nbd7 10. h3 Ne4 11. cxd5 Nxc3 12. bxc3 cxd5 13. Qb3 e6 14. Qxb7 Nb6 15. Qa6 Rf7 16. g4 Be4 17. Ng5 Rd7 18.
Nxe6 Qh4 19. Ng5 Rf8 20. Nxe4 dxe4 21. Kg2 Rdf7 22. Be3 Kh8 23. Qb5 Bh6 24. Qe5+ Kg8 25. Qg3 Qxg3+ 26. Kxg3 Bf4+ 27. Kg2 Kg7 28. c4 Nd7 29. Rad1 h6 30. c5 Rb8 31. c6 Nb6 32. d5 Be5 33. d6 Rf6 34. c7 Rbf8 35. Bc5 Rg8 36. f4 Nd7 37. fxe5 Rxf1 38. Bxf1 Nxc5 39.
d7 Nxd7 40. Rxd7+ Kh8 41. Rd8 e3 42. Rxg8+ Kxg8 43. c8=Q+ Kg7 44. Qd7+ Kf8 45. Bc4 e2 46. Qf7# 1-0

[Event "*** Titled Tuesday Blitz"]
[Site "Chess.com"]
[Date "2020.05.19"]
[Round "7"]
[White "PauloCesarCosta_sad"]
[Black "NefeLV"]
[Result "1-0"]
[WhiteElo "2205"]
[BlackElo "1825"]
[TimeControl "180+1"]
[EndTime "13:21:02 PDT"]
[Termination "PauloCesarCosta_sad won by checkmate"]

1. Nf3 g6 2. d4 Bg7 3. g3 Nf6 4. Bg2 O-O 5. O-O d5 6. c4 c6 7. cxd5 cxd5 8. Ne5 Nbd7 9. Nc3 Nb6 10. Bg5 h6 11. Bxf6 Bxf6 12. Qb3 Be6 13. Rad1 Rc8 14.
Qc2 Nc4 15. Nxg6 fxg6 16. Qxg6+ Bg7 17. Qxe6+ Kh8 18. Qxd5 Qxd5 19. Nxd5 Nxb2 20. Nxe7 Nxd1 21. Nxc8 Nxf2 22. Ne7 Rf7 23. Ng6+ Kh7 24. Ne5 Bxe5 25. dxe5 Re7 26. Rxf2 Rxe5 27. Bxb7 Kg6 28. e4 h5 29. Bd5 Re7 30. Rb2 Rc7 31. Kg2 Kg5 32.
h4+ Kf6 33. Kh3 Ke5 34. Rb7 Rc1 35. Rxa7 Rh1+ 36. Kg2 Rc1 37. Rh7 Rc3 38. Rxh5+ Kd6 39. Kh3 Rc2 40. Rh6+ Ke5 41. Rc6 Rf2 42. a4 Rf1 43.
Re6+ Kd4 44. a5 Ra1 45. a6 Kc5 46. h5 Kd4 47. h6 Kc5 48. Kg4 Kd4 49. Kg5 Kc5 50.
g4 Kd4 51. h7 Kc5 52. Kg6 Rh1 53. g5 Kd4 54. Kg7 Rg1 55. g6 Rg5 56. h8=Q Ke3 57. Qh3+ Kf4 58. Qf5+ Rxf5 59. exf5 Kg4 60. f6 Kh5 61. Kf8 Kg5 62. g7 Kg6 63. f7+ Kf5 64.
Ke8 Kf4 65. f8=Q+ Kg5 66. g8=Q+ Kh4 67. Rh6# 1-0

[Event "*** Titled Tuesday Blitz"]
[Site "Chess.com"]
[Date "2020.05.19"]
[Round "7"]
[White "LiverpooL174"]
[Black "Maybe00"]
[Result "1-0"]
[WhiteElo "2548"]
[BlackElo "2664"]
[TimeControl "180+1"]
[EndTime "13:21:03 PDT"]
[Termination "LiverpooL174 won by checkmate"]

1. Nf3 d5 2. b3 c6 3. Bb2 Bg4 4. e3 e6 5. Be2 Nf6 6. c4 Nbd7 7.
O-O Bd6 8. d4 Qe7 9. Ne5 Bxe2 10. Qxe2 O-O 11. Nd2 Rfd8 12. f4 a5 13. a3 Nf8 14.
Kh1 Ng6 15. g4 Ne4 16. Nxe4 dxe4 17. Nxg6 hxg6 18. h3 f5 19. g5 Kf7 20. c5 Bc7 21. Kg2 Rh8 22. Rh1 Rh4 23. Bc3 Qd7 24. Be1 Rh5 25. Bg3 Qd5 26. Rab1 Rhh8 27. Qc4 Rhb8 28. Qxd5 exd5 29. b4 axb4 30. Rxb4 Rxa3 31. Rhb1 Ra7 32. Be1 Ke7 33. h4 Kd7 34. Kf1 Kc8 35. R4b2 Ra6 36. Ke2 b6 37. cxb6 Rbxb6 38. Rxb6 Bxb6 39. Bb4 Ra2+ 40. Kf1 Rh2 41. Kg1 Rxh4 42. Bf8 Bc7 43. Bxg7 Rh3 44.
Kf2 Rh2+ 45. Kg3 Re2 46. Rb3 Rd2 47. Rb1 Re2 48. Rb3 Ba5 49. Be5 Bc7 50. Rc3 Kd7 51. Ra3 Bb6 52. Rb3 Ba5 53. Rb7+ Kc8 54. Rb8+ Kd7 55.
Rb7+ Ke6 56. Rg7 Be1+ 57. Kh3 Rxe3+ 58. Kg2 Rg3+ 59. Kf1 Bb4 60. Rxg6+ Kd7 61. Rg7+ Ke8 62. g6 e3 63. Rg8+ Ke7 64. g7 Kf7 65. Rb8 Be7 66. Ke2 c5 67. dxc5 Bxc5 68. Rb7+ Ke6 69. Rb8 Rg2+ 70.
Kf3 e2 71. Kxg2 e1=Q 72. g8=Q+ Kd7 73. Qe8# 1-0

[Event "*** Titled Tuesday Blitz"]
[Site "Chess.com"]
[Date "2020.05.19"]
[Round "7"]
[White "JustinWang1234"]
[Black "alenee"]
[Result "1-0"]
[WhiteElo "2583"]
[BlackElo "2424"]
[TimeControl "180+1"]
[EndTime "13:21:03 PDT"]
[Termination "JustinWang1234 won by resignation"]

1. e4 c5 2. Nc3 e6 3. Nge2 Nc6 4. d4 cxd4 5. Nxd4 Qc7 6. g3 d6 7. Bg2 Nxd4 8. Qxd4 Bd7 9. O-O Nf6 10. Be3 Be7 11. h3 O-O 12. Rfd1 Bc6 13. Qd2 b5 14. Bf4 b4 15. Bxd6 Bxd6 16. Qxd6 Qb7 17. Ne2 Bxe4 18. Bxe4 Qxe4 19. Qd3 Rfc8 20. Qxe4 Nxe4 21. Rac1 a5 22.
Kg2 Kf8 23. Nd4 Rc4 24. Kf3 Nf6 25. Ne2 Nd5 26. Rd4 Rac8 27. Rxc4 Rxc4 28. c3 bxc3 29.
Nxc3 f5 30. Ke2 Kf7 31. Kd2 Nb4 32. a3 Nc6 33. Ne2 Rxc1 34. Nxc1 e5 35. Kc3 Ke6 36. Kc4 g5 37. Ne2 h5 38. Kc5 Ne7 39. a4 Nd5 40. Kb5 f4 41. gxf4 exf4 42. Kxa5 g4 43. hxg4 h4 44.
Ng1 Nf6 45. f3 Kd5 46. b4 Kd4 47. b5 Ke3 48. g5 Nd7 49. g6 Kf2 50.
Nh3+ Kg3 51. g7 Nf6 52. Nxf4 Kxf4 53. b6 h3 54. b7 h2 55. b8=Q+ Kxf3 56. Qxh2 1-0

[Event "*** Titled Tuesday Blitz"]
[Site "Chess.com"]
[Date "2020.05.19"]
[Round "7"]
[White "FGHSMN"]
[Black "Piotrek1979"]
[Result "1-0"]
[WhiteElo "2514"]
[BlackElo "2358"]
[TimeControl "180+1"]
[EndTime "13:21:04 PDT"]
[Termination "FGHSMN won on time"]

1. e4 c5 2. Nf3 e6 3. d4 cxd4 4. Nxd4 a6 5. c4 Nf6 6. Nc3 d6 7. Be3 b6 8. Be2 Bb7 9. f3 Nbd7 10. O-O Qc7 11. Rc1 Be7 12. Nd5 exd5 13. cxd5 Qb8 14. Nc6 Bxc6 15. dxc6 Nc5 16. c7 Qb7 17. b4 Ne6 18. Qc2 O-O 19. Qc6 Qxc6 20. Rxc6 b5 21. a4 Rfc8 22. axb5 axb5 23. Rfc1 d5 24. e5 Nd7 25. f4 d4 26. Bd2 g6 27. Bxb5 Ra2 28. Ba6 Rxa6 29. Rxa6 Rxc7 30. Rxc7 Nxc7 31. Ra7 Bd8 32.
b5 Kg7 33. Ba5 Nxb5 34. Rxd7 Bxa5 35. Rd5 d3 36. Rxb5 Bd2 37. g3 Be3+ 38. Kf1 g5 39. f5 g4 40. Rd5 d2 41. Ke2 Bg5 42. Rd7 Kf8 43. e6 fxe6 44. fxe6 h6 45. Rf7+ Ke8 46.
Rd7 Kf8 47. Kd1 Ke8 48. Kc2 Kf8 49. Kb3 Ke8 50. Kc4 h5 51. Kc3 1-0

[Event "*** Titled Tuesday Blitz"]
[Site "Chess.com"]
[Date "2020.05.19"]
[Round "7"]
[White "ChessWarrior7197"]
[Black "SaySpade4VIP"]
[Result "0-1"]
[WhiteElo "2906"]
[BlackElo "2705"]
[TimeControl "180+1"]
[EndTime "13:21:05 PDT"]
[Termination "SaySpade4VIP won by resignation"]

1. e4 c6 2. d4 d5 3. e5 c5 4.
dxc5 e6 5. Be3 Nd7 6. Nf3 Bxc5 7. Bxc5 Nxc5 8. Qd4 Qb6 9. Nbd2 Bd7 10. Nb3 Rc8 11.
Nxc5 Rxc5 12. Bd3 Ne7 13. b4 Rc8 14. Qxb6 axb6 15. Kd2 Nc6 16. b5 Na5 17. Nd4 Ke7 18.
f4 Rc5 19. a4 Rhc8 20. Rhb1 Nc4+ 21. Ke2 f6 22. Nf3 Be8 23. g4 fxe5 24. fxe5 Bg6 25.
Ra2 Rf8 26. h4 Rxf3 27. Kxf3 Nd2+ 28. Ke3 Nxb1 29. Kd4 Nd2 30. a5 Nf3+ 31. Ke3 Nxe5 32. a6 bxa6 33. bxa6 Rc8 34. Rb2 Bxd3 35. cxd3 Nxg4+ 36. Kf4 h5 37. Rxb6 Kf6 38. d4 Rc4 39. Rb8 Rxd4+ 40.
Kf3 Ra4 41. Ra8 Ne5+ 42. Ke3 Nc4+ 43. Kd3 Nb6 44. Ra7 Ke5 45. Kc3 Ra3+ 46. Kb4 Nc4 47.
Kb5 Ke4 48. Ra8 e5 49. a7 Nd6+ 50. Kb6 d4 51. Kc5 Nf5 52. Kb4 Ra1 53. Kb3 d3 54.
Kb2 Ra6 55. Kc3 Nd4 56. Rd8 Rxa7 57. Re8 Rc7+ 58. Kd2 Rc2+ 59. Kd1 Re2 60. Re6 Nf5 61.
Kc1 Ne3 62. Rd6 Rc2+ 63. Kb1 d2 64. Rd7 d1=Q+ 65. Rxd1 Nxd1 66. Kxc2 Ne3+ 67. Kd2 Nf5 0-1

[Event "*** Titled Tuesday Blitz"]
[Site "Chess.com"]
[Date "2020.05.19"]
[Round "7"]
[White "calin_dragomirescu"]
[Black "HouseOfDurin"]
[Result "1-0"]
[WhiteElo "2207"]
[BlackElo "1978"]
[TimeControl "180+1"]
[EndTime "13:21:05 PDT"]
[Termination "calin_dragomirescu won on time"]

1. Nf3 c5 2. c4 Nc6 3. e3 e5 4. Nc3 g6 5. d4 cxd4 6. exd4 Bg7 7. d5 Nd4 8. Nxd4 exd4 9. Nb5 Ne7 10. Nxd4 O-O 11.
Be3 Re8 12. Be2 d6 13. O-O Nf5 14. Nxf5 Bxf5 15. Bg4 Qc8 16. Bxf5 Qxf5 17. Qd2 Rac8 18. Rac1 a6 19. b3 h5 20. h3 Re7 21. Qc2 Qf6 22. Rcd1 Rec7 23. Bd4 Qg5 24. Bxg7 Kxg7 25. Qc3+ Qf6 26.
Qxf6+ Kxf6 27. Rfe1 b5 28. cxb5 axb5 29. Re4 Kf5 30.
Rde1 Rc2 31. R4e3 R8c7 32. Rf3+ Kg5 33. a4 bxa4 34. bxa4 Rd2 35. Re4 Rxd5 36. h4+ Kh6 37. Ra3 Ra7 38. g3 Rda5 39. Kg2 d5 40. Rd4 Kg7 41. Rb4 f5 42. Kf3 Kf6 43. Kf4 Rc7 44.
Rb6+ Kf7 45. Kg5 Rc4 46. Rf6+ Ke7 47. Rxg6 Rcxa4 48. Rxa4 Rxa4 49. Kxf5 d4 50. Re6+ Kd7 51. Re4 Ra5+ 52. Kf4 Rd5 53. Re2 d3 54. Rd2 Ke6 55. Ke4 1-0

[Event "*** Titled Tuesday Blitz"]
[Site "Chess.com"]
[Date "2020.05.19"]
[Round "7"]
[White "Xeslu"]
[Black "TV27"]
[Result "1-0"]
[WhiteElo "2357"]
[BlackElo "2092"]
[TimeControl "180+1"]
[EndTime "13:21:06 PDT"]
[Termination "Xeslu won by checkmate"]

1. e4 d6 2. d4 Nd7 3. Nf3 g6 4. Nc3 Bg7 5. Be2 b6 6. O-O Bb7 7. Bd3 h6 8. Re1 e5 9. Be3 Ngf6 10. h3 Nh5 11. Qd2 g5 12. Rad1 Qe7 13. dxe5 dxe5 14. Nd5 Bxd5 15. exd5 O-O 16. Bf5 Rad8 17. c4 Nc5 18. Qc2 Nf4 19. Bxf4 gxf4 20. b4 Nb7 21. a3 Kh8 22. Qe4 Nd6 23. Qc2 Nxf5 24. Qxf5 Rfe8 25.
Nd4 Qg5 26. Qxg5 hxg5 27. Nc6 Ra8 28. c5 f6 29. d6 cxd6 30. cxd6 Rec8 31. b5 Bf8 32. d7 Rd8 33. a4 Bc5 34. Kf1 Kg7 35. Ke2 Kf7 36. Kf3 Ke6 37. Nxd8+ Rxd8 38. g3 Rxd7 39.
Rxd7 Kxd7 40. gxf4 exf4 41. h4 gxh4 42. Rh1 Bd4 43.
Rxh4 Kd6 44. Rxf4 Kc5 45. Ke4 Be5 46. Rg4 Kb4 47. Kd5+ Kb3 48. Re4 Bc3 49. Kc6 Bb4 50.
Rf4 Kxa4 51. Rxf6 Bc5 52. Rf5 Ka5 53. Rxc5 bxc5 54. Kxc5 Ka4 55. f4 a5 56. b6 Ka3 57.
b7 a4 58. b8=Q Ka2 59. Kc4 a3 60. Kc3 Ka1 61. Kc2 a2 62. Qb2# 1-0

[Event "*** Titled Tuesday Blitz"]
[Site "Chess.com"]
[Date "2020.05.19"]
[Round "7"]
[White "Grootneus"]
[Black "profofchess"]
[Result "1-0"]
[WhiteElo "2242"]
[BlackElo "2448"]
[TimeControl "180+1"]
[EndTime "13:21:07 PDT"]
[Termination "Grootneus won by resignation"]

1. e4 e6 2. d4 d5 3. Nc3 Bb4 4.
e5 c5 5. a3 Bxc3+ 6. bxc3 Ne7 7. h4 O-O 8. h5 Nd7 9. Nf3 f6 10.
exf6 Nxf6 11. h6 g6 12. Bd3 c4 13. Be2 Ne4 14. Be3 Nxc3 15. Qc1 Ne4 16. Ne5 Nc6 17. Bf3 Nxe5 18. dxe5 Qa5+ 19. Kf1 Qc3 20. Bxe4 dxe4 21. Rb1 b6 22. Qd2 Qxe5 23. Bd4 Qf5 24. Bg7 c3 25.
Qd4 Ba6+ 26. Kg1 Rad8 27. Qe3 Rf7 28. Bxc3 Qg4 29. Rh3 Bc4 30. Rg3 Qf5 31. Re1 Bd5 32. Bb2 e5 33. Kh2 Qh5+ 34. Kg1 Rf5 35. c4 Bb7 36. c5 Rd1 37. cxb6 axb6 38. Rxd1 Qxd1+ 39. Kh2 Rh5+ 40. Rh3 Rxh3+ 41. gxh3 Qc2 42. Qxb6 Qc8 43. Qf6 Qd7 44. Qxe5 Kf8 45. Qh8+ Ke7 46. Qxh7+ Kd6 47. Qxd7+ Kxd7 48. h7 1-0

[Event "*** Titled Tuesday Blitz"]
[Site "Chess.com"]
[Date "2020.05.19"]
[Round "7"]
[White "SameerMujumdar"]
[Black "Robert_Chessmood"]
[Result "0-1"]
[WhiteElo "2287"]
[BlackElo "2886"]
[TimeControl "180+1"]
[EndTime "13:21:08 PDT"]
[Termination "Robert_Chessmood won by resignation"]

1. e4 c6 2. d4 d5 3. exd5 cxd5 4. Bd3 Nc6 5. c3 Qc7 6. Ne2 Bg4 7. f3 Bd7 8. Bf4 e5 9. Bg3 Bd6 10. dxe5 Nxe5 11.
O-O Nf6 12. Nd4 O-O 13. Bf5 Nc4 14. Bxd6 Qxd6 15. Qc1 Rfe8 16. Bxd7 Qxd7 17. b3 Ne3 18. Re1 Nf5 19. Qd2 Rxe1+ 20. Qxe1 Re8 21. Qd2 h5 22. Nxf5 Qxf5 23. Na3 h4 24. Nc2 Nh5 25. Nd4 Qf4 26. Qxf4 Nxf4 27. g3 Ne2+ 28. Kf2 Nxc3 29. gxh4 b5 30.
a3 a5 31. Rg1 b4 32. axb4 axb4 33. h5 Ra8 34. h6 g6 35. f4 Ra2+ 36. Ke3 Rxh2 37. f5 Kh7 38. fxg6+ fxg6 39. Nf3 Re2+ 40. Kd4 Kxh6 41. Rh1+ Kg7 42. Ng5 Rd2+ 43. Kc5 Ne4+ 44.
Nxe4 dxe4 45. Kxb4 Kf6 46. Kc3 Rd3+ 47. Kc2 g5 48.
Re1 Ke5 49. b4 g4 50. b5 Rd6 51. Rg1 Kf4 52. Kc3 g3 53. Kc4 Kf3 54. Ra1 g2 55. Kc5 Rd8 56. Ra3+ e3 57. Ra1 e2 58.
b6 Rd1 0-1

[Event "*** Titled Tuesday Blitz"]
[Site "Chess.com"]
[Date "2020.05.19"]
[Round "7"]
[White "XDPS"]
[Black "LuckSlayeer"]
[Result "1-0"]
[WhiteElo "2673"]
[BlackElo "2443"]
[TimeControl "180+1"]
[EndTime "13:21:08 PDT"]
[Termination "XDPS won by resignation"]

1. d4 Nf6 2. Bf4 e6 3. e3 b6 4. Nf3 Bb7 5. h3 c5 6. c3 Be7 7. Bd3 O-O 8. O-O cxd4 9. cxd4 d6 10. Nc3 a6 11. e4 Nbd7 12. Bh2 b5 13. Qe2 b4 14.
Nb1 g6 15. Nbd2 a5 16. Rfc1 Rc8 17. Bf4 Nh5 18. Be3 e5 19. d5 Ng7 20. Ba6 Bxa6 21. Qxa6 f5 22. Bh6 Nc5 23. Qe2 f4 24. Nc4 Rf7 25.
Bxg7 Rxg7 26. Nfd2 h5 27. Nb3 Qe8 28. Ncxa5 g5 29.
Nxc5 dxc5 30. Nc4 Bf6 31. d6 Qd7 32. Qxh5 g4 33. hxg4 Rh7 34. Qf5 Qxf5 35. exf5 Kf7 36. Re1 Rch8 37. Kf1 e4 38. Ke2 Bd4 39. Rad1 Ke8 40.
Kd2 Bxf2 41. Rxe4+ Kd7 42. Ke2 Bd4 43. a3 Re8 44.
Rxe8 Kxe8 45. axb4 Kd7 46. bxc5 Bxc5 47. Ne5+ Kd8 48. d7 Re7 49. Rd5 Bd6 50. Rxd6 Rxe5+ 51. Kf3 Re3+ 52. Kxf4 Rb3 53. Re6 Kxd7 54. Re2 Rb4+ 55. Kg5 1-0

[Event "*** Titled Tuesday Blitz"]
[Site "Chess.com"]
[Date "2020.05.19"]
[Round "7"]
[White "BanjoKazooieN64"]
[Black "TheoSlade"]
[Result "1-0"]
[WhiteElo "2545"]
[BlackElo "2397"]
[TimeControl "180+1"]
[EndTime "13:21:08 PDT"]
[Termination "BanjoKazooieN64 won by resignation"]

1. e4 e5 2. Nf3 Nc6 3. Nc3 Nf6 4. d4 exd4 5. Nxd4 Bb4 6. Nxc6 bxc6 7.
Bd3 d5 8. exd5 O-O 9. O-O cxd5 10. Bg5 c6 11. Qf3 Bd6 12. Rfe1 Rb8 13. Rab1 h6 14.
Bxf6 Qxf6 15. Qxf6 gxf6 16. Ne2 Re8 17. b3 Bd7 18. Ng3 Rxe1+ 19. Rxe1 Re8 20. Rxe8+ Bxe8 21.
Nf5 Bf8 22. f4 Bd7 23. g3 Bxf5 24. Bxf5 Bc5+ 25. Kf1 Bb6 26. Bd7 c5 27. Bc6 d4 28.
Ke2 Kf8 29. Kd3 Ke7 30. Ke4 Ke6 31. Bd5+ Ke7 32. Kf5 Ba5 33. Bf3 Be1 34. Ke4 Kd6 35.
Bh5 Ke6 36. f5+ Ke7 37. Kd5 Bb4 38. Kc6 a5 39. Kb5 Ke8 40. Ka4 Ke7 41. a3 Bc3 42.
Kb5 Kd6 43. Bxf7 Bb2 44. a4 Bc3 45. Bc4 Bb4 46. Bd3 Ke5 47. Kc4 Kd6 48. Be4 Be1 49. Bg2 Bf2 50. Bf1 Be1 51. Be2 Bf2 52. Bd3 Be1 53.
Kb5 Bd2 54. Kb6 Kd5 55. Bc4+ Kd6 56. Be6 Be1 57. Kb5 Bd2 58. Kb6 Be1 59. Kb7 Bf2 60.
Kc8 Bg1 61. h3 Bf2 62. g4 Ke5 63. Kd7 Be3 64. Kc6 Kf4 65. Kb5 Bd2 66. Kxc5 Bc3 67. b4 axb4 68. a5 b3 69. Bxb3 Bxa5 70. Kxd4 Kg3 71.
Bf7 Kxh3 72. Bh5 Kg3 73. Kd5 Kf4 74. c4 Bc7 75. c5 Bb8 76. c6 Ke3 77. Ke6 Be5 78.
Kd7 Kf4 79. c7 Bxc7 80. Kxc7 Ke5 81. Kd7 Kf4 82. Ke6 Kg5 83. Kf7 Kf4 84. Kxf6 Ke4 85. Kg6 1-0

[Event "*** Titled Tuesday Blitz"]
[Site "Chess.com"]
[Date "2020.05.19"]
[Round "7"]
[White "mirandamikadze"]
[Black "ecwinslow"]
[Result "1-0"]
[WhiteElo "2007"]
[BlackElo "2195"]
[TimeControl "180+1"]
[EndTime "13:21:08 PDT"]
[Termination "mirandamikadze won on time"]

1. e4 c5 2. c3 Nf6 3. e5 Nd5 4. d4 cxd4 5. cxd4 d6 6. Nf3 Nc6 7. h3 Bf5 8. Bd3 Bxd3 9. Qxd3 e6 10. O-O dxe5 11. dxe5 Ndb4 12. Qb5 a6 13. Qe2 Qd3 14. Re1 O-O-O 15. Na3 Qxe2 16. Rxe2 Rd1+ 17. Kh2 Nd3 18. Rc2 Bxa3 19. bxa3 Rd8 20. Kg3 Kb8 21. Rb1 Ka8 22. Rc3 Ndxe5 23. Nxe5 Nxe5 24. Rbb3 R1d7 25. Bf4 Nc6 26.
Be3 e5 27. Rb6 Rd6 28. Bc5 Rd3+ 29. Rxd3 Rxd3+ 30. f3 f5 31. Rb2 g5 32. h4 h6 33.
hxg5 hxg5 34. Kf2 Kb8 35. a4 Kc7 36. Bb6+ Kc8 37. a5 e4 38. fxe4 fxe4 39. Re2 Ra3 40. Rxe4 Rxa2+ 41. Kg3 Nxa5 42. Re5 Nc6 43. Rxg5 Rb2 44.
Bc5 b5 45. Rg6 Kd7 46. Rd6+ Kc7 47. Kh3 a5 48. g4 b4 49. g5 Ne5 50. Re6 Rb3+ 51.
Kh4 Nd7 52. Bd6+ Kd8 53. Rh6 Re3 54. Rh8+ 1-0

[Event "*** Titled Tuesday Blitz"]
[Site "Chess.com"]
[Date "2020.05.19"]
[Round "7"]
[White "Moon_stone123"]
[Black "Danfii"]
[Result "1-0"]
[WhiteElo "2518"]
[BlackElo "2362"]
[TimeControl "180+1"]
[EndTime "13:21:09 PDT"]
[Termination "Moon_stone123 won by checkmate"]

1. Nf3 d5 2. g3 Bg4 3. Bg2 c6 4. O-O e6 5. c4 Nf6 6. b3 Be7 7.
Bb2 O-O 8. d3 a5 9. a3 Nbd7 10.
Nbd2 b5 11. Qc2 a4 12. b4 Rc8 13. Rac1 c5 14. cxb5 cxb4 15. Qxa4 Ra8 16. Qb3 bxa3 17.
Ba1 Nc5 18. Qa2 Qb6 19. Nd4 Bd6 20. Rfe1 e5 21. Nc6 d4 22. Nc4 Qc7 23. b6 Qd7 24. N6xe5 Qe6 25. Nxg4 Nxg4 26. Nxd6 Qxd6 27. Qc4 Rac8 28.
b7 Nxb7 29. Qxc8 Rxc8 30. Rxc8+ Nd8 31. Rec1 Ne5 32. R1c5 g6 33. Rxe5 Qb6 34. Re8+ Kg7 35. Rc1 Ne6 36. Rec8 Qb3 37. Bf3 a2 38. Kg2 h5 39. R8c2 Ng5 40. h4 Nxf3 41. exf3 Kf8 42. Rb2 Qa3 43. Rcc2 Ke7 44. Rxa2 Qxd3 45. Rd2 Qc4 46.
Bxd4 f5 47. Ra7+ Kf8 48. Be3 Qb4 49. Rd8# 1-0

[Event "*** Titled Tuesday Blitz"]
[Site "Chess.com"]
[Date "2020.05.19"]
[Round "7"]
[White "karinachess1"]
[Black "Manukyan_Artak"]
[Result "1-0"]
[WhiteElo "2495"]
[BlackElo "2314"]
[TimeControl "180+1"]
[EndTime "13:21:09 PDT"]
[Termination "karinachess1 won on time"]

1. Nf3 d5 2. d4 c6 3. c4 Nf6 4. e3 Bg4 5. h3 Bh5 6. Nbd2 Nbd7 7.
Be2 e6 8. b3 a5 9. a4 Bb4 10.
O-O O-O 11. Bb2 Qe7 12. Qc2 Bg6 13. Bd3 Bxd3 14. Qxd3 Rad8 15. Rfd1 Rfe8 16. Qe2 Nf8 17. e4 dxe4 18. Nxe4 Nxe4 19. Qxe4 Ng6 20. g3 Qf6 21. h4 h6 22. Rab1 Qe7 23. Rd3 Qc7 24. Qg4 Bf8 25.
Rbd1 Ne7 26. Ne5 Nf5 27. Qf3 f6 28. Ng6 Ne7 29. Nf4 Nf5 30. h5 Qf7 31. Qg4 Bd6 32.
Bc1 Bxf4 33. Bxf4 Rd7 34. d5 e5 35. Qxf5 exf4 36. Qxf4 cxd5 37. Rxd5 Rxd5 38. Rxd5 Qe6 39. Kg2 Qc6 40. Qd4 Re5 41. Kh2 Qe6 42. Rd8+ Kf7 43. Qd7+ Qxd7 44. Rxd7+ Ke6 45. Rxb7 Rxh5+ 46. Kg2 g6 47. Rb5 Re5 48. Rxe5+ Kxe5 49. Kf3 Kd4 50. Kf4 f5 51. f3 1-0

[Event "*** Titled Tuesday Blitz"]
[Site "Chess.com"]
[Date "2020.05.19"]
[Round "7"]
[White "ZarinaShafigullina"]
[Black "m_ezat"]
[Result "0-1"]
[WhiteElo "2337"]
[BlackElo "2550"]
[TimeControl "180+1"]
[EndTime "13:21:10 PDT"]
[Termination "m_ezat won by resignation"]

1. d4 Nf6 2. Nf3 g6 3. g3 Bg7 4. Bg2 O-O 5. O-O d6 6. c4 Nc6 7. Nc3 Bg4 8. h3 Bxf3 9. Bxf3 Nd7 10. Be3 e5 11. d5 Ne7 12. Bg2 f5 13. f4 Kh8 14. Kh2 Ng8 15. Rb1 Ngf6 16. Qd2 Nh5 17. b4 exf4 18. gxf4 Qh4 19. Nb5 Rae8 20. Bf2 Qxf4+ 21.
Qxf4 Nxf4 22. Nxc7 Rxe2 23. Rbe1 Rxa2 24. Ne6 Nd3 25.
Nxf8 Nxf8 26. Bg3 Nxe1 27. Rxe1 g5 28. Bxd6 f4 29. Kh1 Kg8 30. c5 Ng6 31. Bc7 Nh4 32.
Be4 f3 33. d6 Re2 34. Bd5+ Kf8 35. Rf1 f2 36. d7 Bf6 37. d8=Q+ Bxd8 38. Bxd8 Re1 39.
Bg2 Nf5 40. Kh2 Rxf1 41. Bxf1 Ne3 42. Bd3 f1=Q 43. Bxf1 Nxf1+ 44. Kg1 Nd2 45. Bxg5 Nf3+ 46. Kf2 Nxg5 47. b5 Nxh3+ 48. Ke3 Ng5 49. c6 bxc6 50.
bxc6 Ke7 0-1

[Event "*** Titled Tuesday Blitz"]
[Site "Chess.com"]
[Date "2020.05.19"]
[Round "7"]
[White "SaqoChess_Twitch"]
[Black "Machidon"]
[Result "1-0"]
[WhiteElo "2405"]
[BlackElo "2520"]
[TimeControl "180+1"]
[EndTime "13:21:11 PDT"]
[Termination "SaqoChess_Twitch won on time"]

1. d4 d5 2. c4 c6 3. Nc3 Nf6 4. e3 e6 5. Nf3 Nbd7 6. Bd3 Be7 7. O-O O-O 8. e4 dxe4 9. Nxe4 b6 10. b3 Bb7 11. Bb2 c5 12. dxc5 Nxc5 13. Nxc5 Bxc5 14. Be2 Qe7 15. Qd2 Rfd8 16. Qg5 Ba3 17. Bc3 Bb4 18. Bb2 h6 19. Qg3 Ba3 20. Bc3 Rd7 21. Ne5 Ne4 22. Qe3 Bc5 23. Qh3 Nxc3 24. Qxc3 Bd4 25. Qg3 Bxa1 26. Nxd7 Bd4 27. Ne5 Qg5 28. Nf3 Qxg3 29.
hxg3 Bf6 30. Rd1 Rd8 31. Rxd8+ Bxd8 32. Nd4 e5 33. Nb5 a6 34. Nd6 Bc6 35. Bf3 Bd7 36. b4 Be7 37. c5 Bxd6 38. cxd6 Kf8 39. a3 Be6 40. Bb7 a5 41. b5 Ke8 42. Bc6+ Kd8 43.
f3 Bd7 44. Kf2 f5 45. Ke3 Be6 46. Kd3 g5 47. Ke3 h5 48. f4 exf4+ 49. gxf4 g4 50. g3 Bd7 51. Kd4 Be6 52. Ke5 Bc8 53. Kf6 h4 54.
gxh4 Bd7 55. h5 Bxc6 56. bxc6 g3 57. h6 g2 58. h7 g1=Q 59. h8=Q+ 1-0

[Event "*** Titled Tuesday Blitz"]
[Site "Chess.com"]
[Date "2020.05.19"]
[Round "7"]
[White "davekoenig"]
[Black "Novoselski"]
[Result "0-1"]
[WhiteElo "2173"]
[BlackElo "2324"]
[TimeControl "180+1"]
[EndTime "13:21:11 PDT"]
[Termination "Novoselski won on time"]

1. e4 e6 2. d4 d5 3. e5 c5 4. c3 Qb6 5. Nf3 Bd7 6. Be2 Bb5 7.
c4 dxc4 8. d5 exd5 9. Qxd5 Qc6 10. Nc3 Ne7 11. Qxc6+ Bxc6 12. Bxc4 a6 13. O-O h6 14.
Re1 b5 15. Bd3 c4 16. Be4 Bxe4 17. Nxe4 Nec6 18. Be3 Be7 19. Ng3 O-O 20. Nf5 Re8 21. Nxe7+ Nxe7 22. Nd4 Nbc6 23. Nxc6 Nxc6 24. f4 Nb4 25.
Re2 Rac8 26. a4 Nd3 27. axb5 axb5 28. g3 f6 29. exf6 gxf6 30. Kf1 Re6 31. Bd4 Rd6 32. Bg1 b4 33. Ra7 c3 34. bxc3 Rxc3 35. Ree7 Rc1+ 36. Kg2 Rc8 37. Rg7+ Kf8 38. Rh7 Kg8 39. Rag7+ Kf8 40.
Rb7 Kg8 41. Rxh6 Rcd8 42. Rg6+ Kf8 43. Rh6 R8d7 44. Rh8+ Kg7 45. Rxd7+ Rxd7 46. Rb8 Kg6 47. Kf3 Kf5 48. g4+ Ke6 49. h4 Kd5 50. h5 Kc4 51. g5 fxg5 52. fxg5 b3 0-1